Description

There isn't much to this build, just quick 3 ravagers to quickly hit a Terran. Constant ravager production is the most important thing about it.

Replay - Acropolis LE (7)

Build Order

Get SALT Encoding   

  12  0:17  Spawning Pool  
  11  0:22  Drone x2  
  13  0:31  Drone  
  13  0:34  Extractor  
  13  0:38  Drone  
  14  0:44  Extractor  
  14  0:45  Drone  
  14  1:04  Roach Warren  
  14  1:10  Overlord  
  13  1:44  Roach x3  
  19  1:58  Overlord  
  20  2:08  Ravager x3  
  22  2:21  Roach  
  24  2:32  Roach  
  26  2:49  Ravager  
  27  2:52  Roach  
  29  3:17  Ravager  
  30  3:31  Overlord x2  
  27  3:58  Roach x3  
  30  4:08  Ravager  
Spawning Tool Build Advisor. Get it on Overwolf

Go to:

Details

  • Created by: janpol8
  • Published on: Apr 23, 2020
  • Modified on: Apr 24, 2020
  • Patch: 4.11.0
Show
View Real Time Build Order
Export as new Build Order

Comments (0)

There are no comments. Be the first!

Create an account to comment!